 Dungeon Crawl Stone Soup version 0.30-a0-364-gf6b3ef1049 (webtiles) character file.

Game seed: 8143657232617823690

2272 Nerdsrcool the Covered (level 9, -11/55 HPs)
             Began as a Gargoyle Fighter on Nov 11, 2022.
             Killed by an exploding killer bee (13 damage)
             ... ignited by their inner flame
             ... on level 8 of the Dungeon on Nov 14, 2022.
             The game lasted 00:27:06 (7019 turns).

Nerdsrcool the Covered (Gargoyle Fighter)           Turns: 7019, Time: 00:27:09

Health: -11/55     AC: 25    Str: 22    XL:     9   Next: 38%
Magic:  9/9        EV:  8    Int:  9    God:
Gold:   211        SH:  6    Dex: 17    Spells: 8/8 levels left

rFire   . . .      SeeInvis .    F - +6 spear
rCold   . . .      Faith    .    c - +0 buckler
rNeg    + . .      Spirit   .    f - +2 chain mail
rPois   ∞          Reflect  .    l - +2 helmet
rElec   +          Harm     .    C - +2 cloak
rCorr   .          Rampage  .    (no gloves)
Will    +....                    (no boots)
Stlth   ..........               (no amulet)
HPRegen 0.29/turn                j - +6 ring of dexterity
MPRegen 0.11/turn                L - ring "Obrie" {Will+ Slay+2}

@: weakened
A: sickness immunity, AC +6, negative energy resistance 1, electricity
resistance, torment resistance 1, petrification resistance
a: no special abilities


You were on level 8 of the Dungeon.
You visited 1 branch of the dungeon, and saw 8 of its levels.

You collected 379 gold pieces.
You spent 168 gold pieces at shops.

Inventory:

Hand Weapons
 a - a +2 flail
 d - the +4 sling "Ziju" {antimagic, Will+ Int+5 Dex-4}
   (You found it on level 3 of the Dungeon)

   It reduces the magical energy of the wielder, and disrupts the spells and
   magical abilities of those it strikes.
   Natural abilities and divine invocations are not affected.
   Int:       It affects your intelligence (+5).
   Dex:       It affects your dexterity (-4).
   Will:      It increases your willpower.
 o - a +1 vampiric whip
 u - a +2 vorpal spear
 E - a +2 vorpal flail
 F - a +6 spear (weapon)
 K - a +3 quarterstaff of chaos
Missiles
 v - 3 boomerangs (quivered)
Armour
 b - a +0 scale mail
 c - a +0 buckler (worn)
 f - a +2 chain mail (worn)
 l - a +2 helmet (worn)
 C - a +2 cloak (worn)
Jewellery
 j - a +6 ring of dexterity (left hand)
 q - a ring of protection from cold
 r - a ring of wizardry
 H - the ring "Kitiusm" {rC+ Will++ MP+9 Str-3 Int+2}
   (You found it on level 7 of the Dungeon)

   [ring of protection from cold]

   Str:       It affects your strength (-3).
   Int:       It affects your intelligence (+2).
   rC:        It protects you from cold.
   MP:        It affects your magic capacity (+9).
   Will:      It greatly increases your willpower.
 L - the ring "Obrie" (right hand) {Will+ Slay+2}
   (You found it on level 7 of the Dungeon)

   [ring of willpower]

   Slay:      It affects your accuracy & damage with ranged weapons and melee
   (+2).
   Will:      It increases your willpower.
Wands
 i - a wand of flame (11)
 y - a wand of iceblast (10)
 A - a wand of charming (20)
 G - a wand of digging (7)
Scrolls
 g - a scroll of summoning
 h - 3 scrolls of vulnerability
 k - 3 scrolls of amnesia
 x - a scroll of magic mapping
 B - a scroll of teleportation
Potions
 e - a potion of flight {unknown}
 m - 5 potions of curing
 n - a potion of haste {unknown}
 p - 4 potions of lignification {unknown}
 s - a potion of ambrosia {unknown}
 t - a potion of cancellation {unknown}
 w - a potion of brilliance {unknown}
 z - a potion of invisibility {unknown}
 D - a potion of mutation {unknown}
 I - a potion of might


   Skills:
 + Level 5.8 Fighting
 + Level 4.6 Maces & Flails
 + Level 5.9 Polearms
 + Level 1.9 Throwing
 + Level 6.8 Armour
 + Level 2.0 Dodging
 + Level 1.3 Stealth
 + Level 5.8 Shields
 + Level 1.2 Evocations


You had 8 spell levels left.
You didn't know any spells.
Your spell library contained the following spells:

 Spells                   Type           Power      Damage    Failure   Level
 Summon Small Mammal      Summ           0%         N/A       98%         1
 Call Canine Familiar     Summ           0%         N/A       100%        3
 Summon Guardian Golem    Hex/Summ       0%         N/A       100%        3


Dungeon Overview and Level Annotations

Branches:
Dungeon (8/15)             Temple (0/1) D:4
   Lair: D:8-11

Altars:
Cheibriados
Dithmenos
Hepliaklqana
Kikubaaqudgha
Okawaru
Trog
Vehumet
Yredelemnul

Shops:
D:6 *


Innate Abilities, Weirdness & Mutations

You are immune to sickness and miasma.
Your stone body is resilient. (AC +6)
You are immune to poison.
You resist negative energy. (rN+)
You are resistant to electric shocks. (rElec)
You are resistant to unholy torment.
You are immune to petrification.


Message History

The killer bee stings you but does no damage.
The killer bee barely misses you.
The killer bee stings you but does no damage.
You block the gnoll bouda's attack.
A howler monkey comes into view.
The killer bee stings you but does no damage. x4
Read: scroll of immolation
Press: ? - help, Q - select action, (/) - cycle Dir - look around, f - activate Look: a gnoll bouda, wielding a +0 club and wearing a +0 robe (heavily wounded, susceptible)
As you read the scroll of immolation, it crumbles to dust.
The creatures around you are filled with an inner flame!
The killer bee closely misses you. The killer bee stings you.
The killer bee stings you but does no damage.
The killer bee stings you. The gnoll barely misses you.
The howler monkey hoots and howls with incredible vigour!
The gnoll bouda gazes fiercely through you!
You feel your attacks grow feeble.
The gnoll bouda hits you with a +0 club.
The killer bee barely misses you.
The killer bee stings you but does no damage. x3
You hear a bellow!
You puncture the killer bee!
The killer bee explodes!
The fiery explosion engulfs the gnoll bouda!!
The fiery explosion engulfs the killer bee!!
The fiery explosion engulfs the killer bee!
The fiery explosion engulfs you.
The fiery explosion engulfs the killer bee!
Flame seeps out of the killer bee.
The killer bee is almost dead.
The killer bee explodes!
The fiery explosion engulfs you but does no damage.
The fiery explosion engulfs the killer bee!!
The killer bee explodes!
The fiery explosion engulfs you!!!
Ouch! That really hurt!
* * * LOW HITPOINT WARNING * * *
The killer bee explodes!
The fiery explosion engulfs the gnoll!
The fiery explosion engulfs you!
You die...

.............
............#
>...........#
............##
.............##
.....§§§§......
....)§§§§§.....
....)§§@§§....h
#####..§§§.....
#########..


You could see a howler monkey (inner flame, catching breath).

Vanquished Creatures
  Pikel (D:6)
  Maggie (D:6)
  A human (D:3)
  A steam dragon (D:7)
  Edmund (D:6)
  Duvessa (D:6)
  A sky beast (D:7)
  A scorpion (D:6)
  4 wights (D:7)
  Dowan (D:6)
  6 killer bees (D:8)
  5 hounds
  Crazy Yiuf (D:7)
  A gnoll bouda (D:8)
  3 jellies
  3 orc wizards
  An iguana (D:6)
  A mummy (D:4)
  3 gnolls (D:8)
  2 adders
  3 shadow imps
  2 ufetubi
  2 worms
  3 dart slugs
  22 orcs
  7 ball pythons
  9 endoplasms
  4 giant cockroaches
  8 goblins
  8 hobgoblins
  9 jackals
  9 quokkas
  6 bats
  4 frilled lizards
  A goblin skeleton (D:3)
  2 hobgoblin zombies (D:4)
  A jackal skeleton (D:3)
  8 kobolds
  A kobold zombie (D:4)
  An orc zombie (D:4)
  6 rats
  3 rat zombies (D:3)
158 creatures vanquished.

Vanquished Creatures (others)
  19 plants (D:1)
19 creatures vanquished.

Grand Total: 177 creatures vanquished

Notes
Turn   | Place    | Note
-------+----------+-------------------------------------------
     0 | D:1      | Nerdsrcool the Gargoyle Fighter began the quest for the
                  | Orb.
     0 | D:1      | Reached XP level 1. HP: 14/14 MP: 1/1
     8 | D:1      | You fall into a shaft and drop 1 floor!
    36 | D:2      | Reached XP level 2. HP: 18/19 MP: 2/2
   196 | D:2      | Reached XP level 3. HP: 24/24 MP: 3/3
   378 | D:2      | Found a hazy altar of Hepliaklqana.
   800 | D:1      | Reached XP level 4. HP: 29/29 MP: 4/4
  1410 | D:2      | Found a faded altar of an unknown god.
  1967 | D:3      | Found an ancient bone altar of Kikubaaqudgha.
  2170 | D:3      | Noticed a human
  2173 | D:3      | Found a runed translucent door.
  2190 | D:3      | Reached skill level 4 in Armour
  2193 | D:3      | Found a basalt altar of Yredelemnul.
  2201 | D:3      | Identified the +4 sling "Ziju" {antimagic, Will+ Int+5
                  | Dex-4}
  2224 | D:3      | Killed a human
  2225 | D:3      | Reached skill level 1 in Dodging
  2225 | D:3      | Reached XP level 5. HP: 33/33 MP: 5/5
  2225 | D:3      | Reached XP level 6. HP: 38/38 MP: 6/6
  2738 | D:4      | Reached skill level 1 in Stealth
  2750 | D:4      | Found an iron altar of Okawaru.
  2775 | D:4      | Found a staircase to the Ecumenical Temple.
  3117 | D:4      | Found a hazy altar of Hepliaklqana.
  3920 | D:5      | Entered Level 5 of the Dungeon
  3940 | D:5      | Found a snail-covered altar of Cheibriados.
  4004 | D:5      | Found a radiant altar of Vehumet.
  4169 | D:5      | Reached XP level 7. HP: 32/44 MP: 7/7
  4239 | D:5      | Found a bloodstained altar of Trog.
  4267 | D:5      | Found a shadowy altar of Dithmenos.
  4291 | D:5      | Reached skill level 1 in Polearms
  4564 | D:6      | Found Kiurig's General Store.
  4569 | D:6      | Bought a +0 cloak for 63 gold pieces
  4569 | D:6      | Bought a scroll of enchant armour for 105 gold pieces
  4625 | D:6      | Noticed Duvessa
  4625 | D:6      | Noticed Dowan
  4643 | D:6      | Killed Dowan
  4655 | D:6      | Killed Duvessa
  4811 | D:6      | Reached skill level 5 in Armour
  4918 | D:6      | Noticed Maggie
  4951 | D:6      | Killed Maggie
  4952 | D:6      | Reached skill level 5 in Fighting
  4952 | D:6      | Reached XP level 8. HP: 18/49 MP: 8/8
  5346 | D:6      | Reached skill level 5 in Shields
  5365 | D:6      | Noticed Pikel
  5394 | D:6      | Killed Pikel
  5395 | D:6      | Reached skill level 5 in Polearms
  5395 | D:6      | Reached skill level 1 in Throwing
  5395 | D:6      | Reached skill level 6 in Armour
  5395 | D:6      | Upgraded the game from 0.30-a0-359-gd0147acb1a to
                  | 0.30-a0-364-gf6b3ef1049
  5494 | D:6      | Noticed Edmund
  5510 | D:6      | Killed Edmund
  5511 | D:6      | Reached XP level 9. HP: 18/54 MP: 9/9
  5824 | D:7      | Reached skill level 1 in Evocations
  6056 | D:7      | Identified the ring "Kitiusm" {rC+ Will++ MP+9 Str-3 Int+2}
  6326 | D:7      | Found a runed translucent door.
  6327 | D:7      | Noticed Crazy Yiuf
  6570 | D:7      | Identified the ring "Obrie" {Will+ Slay+2}
  6835 | D:7      | Killed Crazy Yiuf
  7019 | D:8      | HP: 2/55 [spore (38)]
  7019 | D:8      | Killed by an exploding killer bee... ignited by their inner
                  | flame

Illustrated notes

Levels and vault maps discovered:
D:1:      dpeg_arrival_solitude, layout_loops_ring, serial_bayou,
          serial_bayou_lagoon_a, serial_bayou_lagoon_b, serial_bayou_pond_b,
          serial_bayou_crossing, ebering_dispersal_statue_hall
D:2:      layout_loops_ring, basic_altar, nicolae_ecumenical_lake_church,
          reono_crystal_passage, minmay_divided_ellipse
D:3:      layout_loops_ring, lemuel_zombie_altar_kikubaaqudgha,
          dk_yredelemnul_ordeal, grunt_ministairs_5, lightli_corner_chamber
D:4:      layout_basic, kennysheep_little_box, nicolae_overflow_hidden_temple,
          minmay_temple_entry_glassed_door, minmay_misc_feat_iff,
          minmay_mini_ossuary
D:5:      layout_gridville, kennysheep_slug_shrine, mainiacjoe_overflow_catwalk,
          mainiacjoe_overflow_chevrons, mainiacjoe_overflow_alcove_4
D:6:      layout_basic, serial_shops, nicolae_shop_hallway_plus,
          minmay_misc_feat_chi, uniq_maggie, uniq_duvessa, uniq_edmund,
          uniq_pikel
D:7:      layout_basic, uniq_crazy_yiuf_cottage
D:8:      layout_layer_cave

Skill      XL: |  1  2  3  4  5  6  7  8  9 |
---------------+----------------------------+-----
Fighting       | 4 5 |  5.8
Shields        | 4 5 |  5.8
Armour         | 4 5 6 |  6.8
Maces & Flails | 3 4 |  4.6
Dodging        | 1 2 |  2.0
Stealth        | 1 |  1.3
Polearms       | 4 5 |  5.9
Throwing       | 1 |  1.9
Evocations     | 1 |  1.2

Action                   |  1- 3 |  4- 6 |  7- 9 || total
-------------------------+-------+-------+-------++-------
Melee: Flail             |   129 |   220 |       ||   349
       Spear             |       |    69 |   229 ||   298
Throw: Throwing net      |       |       |     3 ||     3
       Boomerang         |       |       |    19 ||    19
Evoke: Wand              |       |       |     4 ||     4
  Use: Scroll            |       |     8 |     9 ||    17
       Potion            |       |     2 |     3 ||     5
 Stab: Distracted        |       |     1 |       ||     1
Armor: Scale mail        |    97 |   147 |    40 ||   284
       Chain mail        |       |       |    50 ||    50
Dodge: Dodged            |    78 |   113 |    66 ||   257
Block: Buckler           |    38 |    67 |    47 ||   152

Table legend: (Time is in decaauts)
 A = Elapsed time spent in this place.
 B = Non-inter-level travel time spent in this place.
 C = Inter-level travel time spent in this place.
 D = Time resting spent in this place.
 E = Time spent auto-exploring this place.
 F = Levels seen in this place.
 G = Mean time per level.
                   A        B        C        D        E       F      G
               +--------+--------+--------+--------+--------+-----+--------+
         Total |   7179 |   7054 |    125 |    510 |   4754 |   8 |  897.4 |
       Dungeon |   7179 |   7054 |    125 |    510 |   4754 |   8 |  897.4 |
               +--------+--------+--------+--------+--------+-----+--------+

Top non-repeatable levels by time:
     D:6: 1328 daAuts
     D:4: 1311 daAuts
     D:7: 1203 daAuts
     D:3: 971 daAuts
     D:1: 957 daAuts
     D:2: 838 daAuts
     D:5: 562 daAuts
     D:8: 5 daAuts
